 Dungeon Crawl Stone Soup version 0.27-a0-931-g5a74e75d8f (webtiles) character file.

Game seed: 9548934497589122852

1 pepper333 the Skirmisher (level 1, 0/18 HPs)
             Began as a Demonspawn Abyssal Knight on Apr 10, 2021.
             Was an Initiate of Lugonu.
             Killed by Freeze
             ... generated by an endoplasm
              (4 damage)
             ... on level 1 of the Dungeon.
             The game lasted 00:00:32 (267 turns).

pepper333 the Skirmisher (Demonspawn Abyssal Knight) Turns: 267, Time: 00:00:37

Health: 0/18       AC:  3    Str: 12    XL:     1   Next: 16%
Magic:  2/2        EV: 11    Int: 13    God:    Lugonu [......]
Gold:   0          SH:  0    Dex: 12    Spells: 0/0 levels left

rFire    . . .     SeeInvis .   a - +1 mace
rCold    . . .     Faith    .   (no shield)
rNeg     . . .     Spirit   .   b - +0 leather armour
rPois    .         Reflect  .   (no helmet)
rElec    .         Harm     .   (no cloak)
rCorr    .         Rampage  .   (no gloves)
Will     .....                  (no boots)
Stlth    +.........             (no amulet)
HPRegen  0.06/turn              (no ring)
MPRegen  0.08/turn              (no ring)

@: no status effects
A: no striking features
a: Renounce Religion


You were on level 1 of the Dungeon.
You worshipped Lugonu.
Lugonu was noncommittal.
You visited 1 branch of the dungeon, and saw 1 of its levels.
You visited the Abyss 1 time.

Inventory:

Hand Weapons
 a - a +1 mace (weapon)
Armour
 b - a +0 leather armour (worn)


   Skills:
 + Level 3.0 Fighting
 + Level 1.7 Maces & Flails
 + Level 1.8 Armour
 + Level 0.8 Dodging
 + Level 2.4 Invocations


You couldn't memorise any spells.
You didn't know any spells.
Your spell library was empty.

Dungeon Overview and Level Annotations

Branches:
Dungeon (1/15)

Altars:


Message History

The bat closely misses you.
A rat and an endoplasm come into view.
The bat hits you but does no damage. The bat misses you.
The bat hits you but does no damage.
Found 4 poisoned darts.
The bat hits you but does no damage.
The endoplasm quivers.
The bat hits you. The bat hits you but does no damage.
Found 8 gold pieces.
A kobold comes into view. It is wielding a +0 whip.
The kobold shouts!
The bat closely misses you. The bat hits you but does no damage.
The rat misses you. The bat barely misses you.
The rat bites you but does no damage.
You hit the rat but do no damage. The bat hits you but does no damage. x2
The kobold throws a stone.
The stone hits you. The rat bites you but does no damage.
You sock the rat!
You kill the rat!
Lugonu accepts your kill. The bat hits you but does no damage.
The bat barely misses you.
The kobold throws a stone.
The stone misses you.
The endoplasm hits you but does no damage.
The bat barely misses you.
You see here a rat corpse.
The bat closely misses you. The endoplasm misses you.
You closely miss the kobold. The bat closely misses you.
The endoplasm freezes you.
You are frozen.
The kobold hits you with a +0 whip. The bat hits you.
The endoplasm freezes you.
You are frozen.
* * * LOW HITPOINT WARNING * * *
You hit the kobold.
The kobold is severely wounded.
The bat barely misses you. The bat hits you but does no damage.
The kobold hits you but does no damage. The endoplasm freezes you.
You are frozen.
You die...

...♣♣...♣♣♣...♣♣...⌠..
.♣.......♣...♣......(.
♣..♣...♣...♣.........
.♣...♣..♣♣.♣♣....#
♣.♣...♣.........##
)♣♣......♣♣.....#
.♣..♣...♣..♣....##
♣♣...♣..♣♣...♣.J†####...
♣..♣......♣...♣.@Kb....#
♣ ♣♣.♣♣.............$.#
.. ♣...♣.♣.♣...⌠....
.♣..♣....♣....... ♣.
..... ....... ♣♣♣♣♣♣
#######


You could see an endoplasm, a bat and a kobold.

Vanquished Creatures
  A kobold (D:1)
  A rat (D:1)
2 creatures vanquished.

Notes
Turn   | Place    | Note
-------+----------+-------------------------------------------
     0 | Abyss:1  | pepper333 the Demonspawn Abyssal Knight began the quest for
                  | the Orb.
     0 | Abyss:1  | Reached XP level 1. HP: 18/18 MP: 2/2
    88 | Abyss:1  | Found a corrupted altar of Lugonu.
   103 | Abyss:1  | Found a broken altar of Ashenzari.
   151 | Abyss:1  | Noticed a rust devil
   152 | D:1      | Escaped the Abyss
   267 | D:1      | Killed from afar by an endoplasm

Illustrated notes

Levels and vault maps discovered:
D:1:      erik_arrival_cave_to_civilisation [erik_arrival_cave_to_hall],
          layout_basic, shapermc_ecumenical_altar_gd, feat_on_display

Action                   || total
-------------------------++-------
Melee: Mace              ||     8
Invok: Depart the Abyss  ||     1
Armor: Leather armour    ||    17
Dodge: Dodged            ||    17

Table legend: (Time is in decaauts)
 A = Elapsed time spent in this place.
 B = Non-inter-level travel time spent in this place.
 C = Inter-level travel time spent in this place.
 D = Time resting spent in this place.
 E = Time spent auto-exploring this place.
 F = Levels seen in this place.
 G = Mean time per level.
                   A        B        C        D        E       F      G
               +--------+--------+--------+--------+--------+-----+--------+
         Total |    270 |    270 |      0 |      0 |    236 |   2 |  135.0 |
       Dungeon |    117 |    117 |      0 |      0 |     84 |   1 |  117.0 |
         Abyss |    153 |    153 |      0 |      0 |    152 |   1 |  153.0 |
               +--------+--------+--------+--------+--------+-----+--------+

Top non-repeatable levels by time:
 Abyss:1: 153 daAuts
     D:1: 117 daAuts
